 Dungeon Crawl Stone Soup version 0.29.1-2-gbd0b4ee654 (webtiles) character file.

Game seed: 17999742925479663583

39 leafyfresh the Gusty (level 3, -2/19 HPs)
             Began as a Tengu Air Elementalist on Nov 8, 2022.
             Slain by a worm (11 damage)
             ... on level 2 of the Dungeon.
             The game lasted 00:02:18 (2138 turns).

leafyfresh the Gusty (Tengu Air Elementalist)       Turns: 2138, Time: 00:02:18

Health: -2/19      AC:  2    Str:  8    XL:     3   Next: 45%
Magic:  5/7        EV: 12    Int: 17    God:
Gold:   75         SH:  0    Dex: 14    Spells: 3/6 levels left

rFire   . . .      SeeInvis .   i - +0 whip
rCold   . . .      Faith    .   (no shield)
rNeg    . . .      Spirit   .   a - +0 robe
rPois   .          Reflect  .   (helmet restricted)
rElec   .          Harm     .   (no cloak)
rCorr   .          Rampage  .   (no gloves)
Will    .....                   (boots unavailable)
Stlth   ++........              (no amulet)
HPRegen 0.06/turn               (no ring)
MPRegen 0.10/turn               (no ring)

@: no status effects
A: beak, talons 3
a: no special abilities


You were on level 2 of the Dungeon.
You visited 1 branch of the dungeon, and saw 2 of its levels.

You collected 75 gold pieces.

Inventory:

Hand Weapons
 e - a +0 club
 i - a +0 whip (weapon)
Armour
 a - a +0 robe (worn)
 q - a +0 pair of boots
Jewellery
 j - an amulet of faith
Scrolls
 c - a scroll of amnesia {unknown}
 g - 2 scrolls of identify {unknown}
 h - 2 scrolls of magic mapping {unknown}
 k - a scroll of immolation {unknown}
 l - a scroll of blinking {unknown}
 n - a scroll of teleportation {unknown}
 o - a scroll of enchant armour {unknown}
 t - a scroll of fear {unknown}
Potions
 b - a potion of magic
 d - a potion of heal wounds {unknown}
 f - a potion of cancellation {unknown}
 m - a potion of curing {unknown}
 p - a potion of brilliance {unknown}
 r - a potion of degeneration {unknown}
 s - a potion of haste {unknown}


   Skills:
 - Level 2.1 Dodging
 - Level 2.0 Stealth
 - Level 2.0 Spellcasting
 + Level 3.2 Conjurations
 + Level 5.0 Air Magic


You had 3 spell levels left.
You knew the following spells:

 Your Spells              Type           Power      Damage    Failure   Level
a - Shock                 Conj/Air       60%        1d6       3%          1
b - Static Discharge      Conj/Air       15%        3-5/arc   5%          2

Your spell library contained the following spells:

 Spells                   Type           Power      Damage    Failure   Level
 Swiftness                Air            18%        N/A       8%          3
 Airstrike                Air            9%         2d(2-18)  24%         4


Dungeon Overview and Level Annotations

Branches:
Dungeon (2/15)

Altars:

Shops:
D:2 (


Innate Abilities, Weirdness & Mutations

You have a beak for a mouth.
You have claws for feet.


Message History

Press: ? - help, Shift-Dir - straight line, f - ball python
Aim: a ball python (68% to hit)
The zap hits the ball python.
The ball python is moderately wounded.
Casting: Shock (safe; 3% risk of failure)
Confirm with . or Enter, or press ? or * to list all spells.
The ball python is struck by an arc of lightning.
You kill the ball python!
You are struck by an arc of lightning.
You start resting.
Magic restored.
You start resting.
HP restored.
t - a scroll labelled IWNEGA JINUE No target in view!
A ball python and a bat come into view.
There are monsters nearby!
The helpless ball python fails to defend itself.
You hit the ball python. Your kick misses the ball python.
You peck the ball python.
You kill the ball python!
A bat is nearby!
You see here a ball python corpse.
A worm comes into view.
A bat comes into view.
The bat moves out of view.
The helpless bat fails to defend itself.
You hit the bat.
You kill the bat!
The worm bites you!
You see here a bat corpse.
Casting: Static Discharge (safe; 5% risk of failure)
Confirm with . or Enter, or press ? or * to list all spells.
The worm is struck by an arc of lightning!
The worm is heavily wounded.
You are struck by an arc of lightning.
The worm is struck by an arc of lightning.
The worm is severely wounded.
The lightning grounds out.
The bat misses you. The worm bites you!
Ouch! That really hurt!
You die...

#..# #..# #..#
########..# ###
###.........##....
....#####........
#.. #..##.###
#.b#####..# #
#@..†...#
#.w######...# #.#
##...# ... ####
###


You could see a worm and a bat.

Vanquished Creatures
  An adder (D:2)
  A dart slug (D:2)
  4 endoplasms
  2 giant cockroaches
  3 goblins
  3 hobgoblins
  2 jackals (D:2)
  A quokka (D:2)
  4 ball pythons
  2 bats
  A frilled lizard (D:1)
24 creatures vanquished.

Notes
Turn   | Place    | Note
-------+----------+-------------------------------------------
     0 | D:1      | leafyfresh the Tengu Air Elementalist began the quest for
                  | the Orb.
     0 | D:1      | Reached XP level 1. HP: 10/10 MP: 4/4
   344 | D:1      | Found a faded altar of an unknown god.
   716 | D:1      | Reached XP level 2. HP: 15/15 MP: 3/6
   970 | D:1      | Learned a level 2 spell: Static Discharge
  1619 | D:2      | Found Tithrel's Weapon Boutique.
  1624 | D:2      | Reached XP level 3. HP: 19/19 MP: 3/7
  2009 | D:2      | Reached skill level 5 in Air Magic
  2138 | D:2      | Slain by a worm

Illustrated notes

Levels and vault maps discovered:
D:1:      grunt_arrival_crossed_arrows, layout_basic,
          ebering_ecumenical_altar_abandoned, hex_large
D:2:      layout_loops_ring, serial_shops, nicolae_shop_bloodbath_and_beyond,
          uniq_crazy_yiuf_cottage

Skill      XL: |  1  2  3 |
---------------+----------+-----
Conjurations   | 2 3 |  3.2
Air Magic      | 5 |  5.0
Dodging        | |  2.1
Stealth        | |  2.0
Spellcasting   | |  2.0

Action                   || total
-------------------------++-------
Melee: Whip              ||    20
       Peck              ||     6
       Unarmed           ||     2
       Kick              ||     3
 Cast: Shock             ||    32
       Static Discharge  ||     9
 Stab: Sleeping          ||     2
Armor: Robe              ||     3
Dodge: Dodged            ||    21
